 Dungeon Crawl Stone Soup version 0.29.1-14-g9c671dbff4 (webtiles) character file.

Game seed: 15972619236365496851

11876 VarnDeLeo the Basher (level 11, -10/107 HPs)
             Began as a Troll Fighter on Feb 18, 2023.
             Was the Champion of Okawaru.
             Mangled by a death yak (14 damage)
             ... on level 10 of the Dungeon.
             The game lasted 01:16:57 (9964 turns).

VarnDeLeo the Basher (Troll Fighter)                Turns: 9964, Time: 01:16:58

Health: -10/107    AC: 12    Str: 35    XL:     11   Next: 55%
Magic:  10/10      EV: 10    Int:  4    God:    Okawaru [******]
Gold:   1864       SH: 11    Dex:  9    Spells: 10/10 levels left

rFire   . . .      SeeInvis +   s - +1 mace (vorpal)
rCold   . . .      Faith    .   c - +2 kite shield
rNeg    . . .      Spirit   .   t - +1 steam dragon scales
rPois   +          Reflect  .   G - +1 hat of the Nexus {Str+5 SInv}
rElec   .          Harm     .   u - +2 cloak
rCorr   +          Rampage  .   (gloves unavailable)
Will    .....                   (boots unavailable)
Stlth   +.........              j - amulet of magic regeneration
HPRegen 1.07/turn               z - ring of poison resistance
MPRegen 0.52/turn               C - ring of resist corrosion

@: no status effects
A: large, unfitting armour, claws 3, regeneration 1, shaggy fur 1, tough skin 1
a: Renounce Religion, Heroism, Finesse, Duel


You were on level 10 of the Dungeon.
You worshipped Okawaru.
Okawaru was exalted by your worship.
You visited 3 branches of the dungeon, and saw 12 of its levels.

You collected 1864 gold pieces.

Inventory:

Hand Weapons
 d - a +0 giant spiked club
 n - a +1 rapier of holy wrath
 s - a +1 vorpal mace (weapon)
Missiles
 i - 44 poisoned darts (quivered)
 H - 2 curare-tipped darts
 J - a large rock
Armour
 c - a +2 kite shield (worn)
 k - a +2 hat
 t - +1 steam dragon scales (worn)
 u - a +2 cloak (worn)
 G - the +1 hat of the Nexus (worn) {Str+5 SInv}
   (You acquired it on level 7 of the Dungeon)

   Str:       It affects your strength (+5).
   SInv:      It lets you see invisible.
 I - a +1 robe of positive energy
Jewellery
 j - an amulet of magic regeneration (around neck)
 z - a ring of poison resistance (left claw)
 C - a ring of resist corrosion (right claw)
 D - a ring of ice
Wands
 e - a wand of paralysis (10)
 r - a wand of roots (12)
 v - a wand of polymorph (8)
 y - a wand of mindburst (24)
 B - a wand of flame (41)
Scrolls
 q - 7 scrolls of immolation
 w - a scroll of teleportation
 L - a scroll of fear
 M - 2 scrolls of magic mapping
 N - a scroll of poison
Potions
 b - 3 potions of curing
 f - 3 potions of flight
 h - a potion of resistance
 x - a potion of cancellation
 E - a potion of brilliance


   Skills:
 + Level 6.7 Fighting
 + Level 10.2 Maces & Flails
 + Level 4.2 Throwing
 + Level 7.8 Dodging
 - Level 0.1 Stealth
 + Level 7.9 Shields
 + Level 1.1 Evocations


You had 10 spell levels left.
You didn't know any spells.
Your spell library contained the following spells:

 Spells                   Type           Power      Damage    Failure   Level
 Beastly Appendage        Tmut           0%         N/A       75%         1
 Sandblast                Erth           0%         2d4       75%         1
 Slow                     Hex            0%         N/A       75%         1
 Passwall                 Tmut/Erth      0%         N/A       86%         2
 Wereblood                Tmut           0%         N/A       86%         2
 Confusing Touch          Hex            0%         N/A       98%         3
 Spider Form              Tmut/Pois      0%         N/A       98%         3
 Stone Arrow              Conj/Erth      0%         3d7       98%         3
 Vampiric Draining        Necr           0%         2d6       98%         3
 Petrify                  Tmut/Erth      0%         N/A       100%        4
 Metabolic Englaciation   Hex/Ice        0%         N/A       100%        5
 Dispersal                Tloc           0%         N/A       100%        6
 Statue Form              Tmut/Erth      0%         N/A       100%        6
 Orb of Destruction       Conj           0%         9d5       100%        7
 Disjunction              Tloc           0%         N/A       100%        8
 Summon Guardian Golem    Hex/Summ       Unusable   N/A       N/A         3
 Spellforged Servitor     Conj/Summ      Unusable   N/A       N/A         7

Dungeon Overview and Level Annotations

Branches:
Dungeon (10/15)            Temple (1/1) D:7            Lair (1/5) D:10
    Orc: D:9-12

Altars:
Ashenzari
Cheibriados
Dithmenos
Elyvilon
Fedhas
Gozag
Hepliaklqana
Kikubaaqudgha
Makhleb
Nemelex Xobeh
Okawaru
Qazlal
Ru
Sif Muna
Trog
Uskayaw
Vehumet
Wu Jian
Xom
Yredelemnul
Zin
The Shining One

Shops:
D:4 :   D:6 ?

Annotations:
D:3 2 transporters, bnorton916's ghost, weakling DEFE
D:4 1 runed translucent door, Crazy Yiuf


Innate Abilities, Weirdness & Mutations

You are too large for most types of armour.
You have claws for hands.
Your natural rate of healing is unusually fast.
You are covered in fur. (AC +1)
You have tough skin. (AC +1)


Message History

You throw a poisoned dart. The poisoned dart hits the death yak!
The death yak is poisoned.
Throw: 45 darts (poison)
Press: ? - help, Q - select action, (/) - cycle Shift-Dir - straight line, f/p - death yak
Aim: a death yak (lightly wounded, poisoned, 79% to hit)
You throw a poisoned dart. The poisoned dart hits the death yak!
The death yak looks even sicker.
The death yak is lightly wounded.
The death yak gores you. You block the death yak's attack.
You climb upwards.
Welcome back to the Dungeon!
There is a staircase to the Lair here.
You hit the death yak.
The death yak is lightly wounded.
The death yak gores you but does no damage.
The death yak barely misses you.
The death yak gores you but does no damage.
You barely miss the death yak.
The death yak is lightly wounded.
The death yak barely misses you.
The death yak gores you but does no damage.
The death yak closely misses you.
You thump the death yak!
The death yak is moderately wounded.
The death yak gores you but does no damage.
You block the death yak's attack. x2
You hit the death yak.
The death yak is heavily wounded.
The death yak gores you!! You block the death yak's attack.
The death yak gores you!
You hit the death yak.
The death yak is heavily wounded.
The death yak gores you!!
* * * LOW HITPOINT WARNING * * *
You block the death yak's attack. The death yak barely misses you.
You sock the death yak!
The death yak is severely wounded.
The death yak gores you!
* * * LOW HITPOINT WARNING * * *
The death yak closely misses you. The death yak gores you!
You die... ....†..##..........#..##........# ....##.............#)###........# ....#####.....>....#)# #........' ....# #.....<......# #........# ....# #..........### #........# ##### #################.......# # ##PPPPPPPPP########## # ###PP..PPPPPPP##

# #.#PPY@!PPPP...### #
##'#PP.YY.PP......# ####
#..#PPPP.PPP....#.######
...#
####..#PPPPP......#...)...#
...#
#..'..##.PP......########..
...# ##.##..####.....###
### ...# #..##.........###
)..###.###.....)..##
...##..# #.....>.)#


You could see 3 death yaks.

Vanquished Creatures
  3 two-headed ogres (D:10)
  Erica (D:8)
  An ugly thing (D:10)
  Joseph (D:8)
  Maggie (D:8)
  A komodo dragon (D:10)
  A troll (D:10)
  2 hornets (D:9)
  A merfolk (D:9)
  Grinder (D:5)
  4 slime creatures (D:9)
  A shadow (D:10)
  3 wyverns
  12 yaks
  2 steam dragons
  Grum (D:8)
  An acid dragon (D:10)
  A water moccasin (D:7)
  An ice beast (D:7)
  An orc warrior (D:7)
  A black bear (D:4)
  2 ogres
  4 centaurs
  6 wolves
  4 kobold brigands
  A necrophage (D:7)
  A gnoll sergeant (D:7)
  2 scorpions
  5 bullfrogs
  11 killer bees
  3 howler monkeys
  2 hounds (D:6)
  3 jellies
  A gnoll bouda (D:10)
  4 orc priests
  An iguana (D:6)
  8 orc wizards
  Robin (D:2)
  11 adders
  14 gnolls
  A river rat (D:3)
  A shadow imp (D:7)
  A white imp (D:7)
  8 worms
  2 dart slugs (D:1)
  40 orcs
  3 ball pythons (D:2)
  2 bats
  8 endoplasms
  3 giant cockroaches
  13 goblins
  6 hobgoblins
  3 quokkas
  6 frilled lizards
  18 kobolds
  10 rats
250 creatures vanquished.

Vanquished Creatures (others)
  A fungus (D:4)
  2 plants (D:10)
3 creatures vanquished.

Grand Total: 253 creatures vanquished

Notes
Turn   | Place    | Note
-------+----------+-------------------------------------------
     0 | D:1      | VarnDeLeo the Troll Fighter began the quest for the Orb.
     0 | D:1      | Reached XP level 1. HP: 22/22 MP: 0/0
   152 | D:1      | Reached XP level 2. HP: 29/29 MP: 1/1
   828 | D:2      | Reached skill level 2 in Maces & Flails
   849 | D:2      | Found a faded altar of an unknown god.
   871 | D:2      | Reached XP level 3. HP: 36/36 MP: 2/2
  1081 | D:2      | Noticed Robin
  1104 | D:2      | Killed Robin
  1428 | D:2      | Reached XP level 4. HP: 42/44 MP: 3/3
  1566 | D:3      | Found a transporter.
  1570 | D:3      | Noticed bnorton916's ghost (weakling DEFE)
  1577 | D:3      | Found a transporter.
  2011 | D:3      | Reached skill level 3 in Maces & Flails
  2042 | D:3      | Reached XP level 5. HP: 53/53 MP: 4/4
  2727 | D:4      | Found a hide-covered altar of Uskayaw.
  2728 | D:4      | Found an ancient bone altar of Kikubaaqudgha.
  2728 | D:4      | Found a glowing golden altar of the Shining One.
  2731 | D:4      | Found a sparkling altar of Nemelex Xobeh.
  2844 | D:4      | Noticed a black bear
  2880 | D:4      | Killed a black bear
  2881 | D:4      | Reached skill level 4 in Maces & Flails
  2881 | D:4      | Reached XP level 6. HP: 11/61 MP: 5/5
  3340 | D:4      | Found a runed translucent door.
  3341 | D:4      | Noticed Crazy Yiuf
  3417 | D:4      | Found Woseon's Book Shoppe.
  3648 | D:5      | Entered Level 5 of the Dungeon
  3662 | D:5      | Reached XP level 7. HP: 32/67 MP: 6/6
  3768 | D:5      | Noticed Grinder
  3777 | D:5      | Paralysed by Grinder for 2 turns
  3779 | D:5      | Killed Grinder
  3780 | D:5      | Reached skill level 5 in Maces & Flails
  3780 | D:5      | Reached skill level 1 in Throwing
  4354 | D:6      | Found a shimmering blue altar of Sif Muna.
  4358 | D:6      | Found a snail-covered altar of Cheibriados.
  4684 | D:6      | Reached XP level 8. HP: 72/78 MP: 7/7
  4900 | D:6      | Found Suamak's Magic Scroll Shop.
  5216 | D:7      | Reached skill level 6 in Maces & Flails
  5339 | D:7      | Found a staircase to the Ecumenical Temple.
  5383 | Temple   | Entered the Ecumenical Temple
  5418 | Temple   | Became a worshipper of Warmaster Okawaru
  5566 | D:7      | HP: 1/78 [wyvern (15)]
  5702 | D:7      | Found a radiant altar of Vehumet.
  5773 | D:7      | Reached skill level 7 in Maces & Flails
  5813 | D:7      | Identified a scroll of acquirement
  5813 | D:7      | Acquired the +1 hat of the Nexus {Str+5 SInv}
  6079 | D:7      | Reached XP level 9. HP: 82/85 MP: 8/8
  6083 | D:7      | Reached * piety under Okawaru
  6254 | D:7      | Reached skill level 5 in Dodging
  6254 | D:7      | Reached skill level 5 in Shields
  6404 | D:8      | Noticed Grum
  6524 | D:8      | Killed Grum
  6553 | D:8      | Noticed Joseph
  6588 | D:7      | HP: 4/87 [killer bee (8)]
  6591 | D:7      | Reached ** piety under Okawaru
  6720 | D:7      | Reached skill level 5 in Fighting
  6841 | D:8      | Noticed Erica
  6848 | D:8      | Killed Erica
  6849 | D:8      | Reached skill level 8 in Maces & Flails
  6965 | D:8      | Reached XP level 10. HP: 96/96 MP: 9/9
  7096 | D:8      | Reached skill level 1 in Evocations
  7103 | D:8      | Reached *** piety under Okawaru
  7197 | D:8      | Killed Joseph
  7219 | D:8      | Noticed Maggie
  7226 | D:8      | Killed Maggie
  7288 | D:8      | Acquired 1170 gold pieces
  7317 | D:8      | Identified the +0 kite shield "Loredd" {rCorr Int+4 Dex-4}
  7627 | D:9      | Found the ring of the Hare {EV+8}
  7636 | D:9      | Reached **** piety under Okawaru
  7668 | D:9      | Reached skill level 9 in Maces & Flails
  7672 | D:9      | HP: 3/98 [large slime creature (17)]
  7857 | D:9      | Found a basalt altar of Yredelemnul.
  7862 | D:9      | Found a white marble altar of Elyvilon.
  7872 | D:9      | Found an opulent altar of Gozag.
  7956 | D:9      | Paralysed by a hornet for 1 turns
  8156 | D:9      | Reached ***** piety under Okawaru
  8253 | D:9      | Reached XP level 11. HP: 105/105 MP: 10/10
  8732 | D:10     | Entered Level 10 of the Dungeon
  8849 | D:10     | Noticed a two-headed ogre
  8850 | D:10     | Noticed a two-headed ogre
  8859 | D:10     | Killed a two-headed ogre
  8870 | D:10     | Killed a two-headed ogre
  8936 | D:10     | Identified the +5 hand axe "Tamyrhi" {holy, rC+ Dex+3}
  9033 | D:10     | Noticed a two-headed ogre
  9045 | D:10     | Killed a two-headed ogre
  9046 | D:10     | Reached skill level 10 in Maces & Flails
  9090 | D:10     | Found a blossoming altar of Fedhas.
  9415 | D:10     | Found a staircase to the Lair.
  9640 | D:10     | Noticed a purple ugly thing
  9653 | D:10     | Killed a purple ugly thing
  9653 | D:10     | Received a gift from Okawaru
  9820 | Lair:1   | Entered Level 1 of the Lair of Beasts
  9851 | Lair:1   | Reached ****** piety under Okawaru
  9907 | Lair:1   | Identified the +3 long sword of Vesed {vorpal, *Slow rN+++
                  | rCorr SInv}
  9916 | Lair:1   | Noticed a death yak
  9916 | Lair:1   | Noticed a death yak
  9918 | Lair:1   | Noticed a death yak
  9920 | Lair:1   | Noticed a death yak
  9920 | Lair:1   | Noticed a death yak
  9920 | Lair:1   | Noticed a death yak
  9964 | D:10     | HP: 4/107 [death yak (13)]
  9964 | D:10     | Mangled by a death yak

Illustrated notes

Levels and vault maps discovered:
D:1:      spicycebolla_arrival_transporter_tutorial, layout_basic
D:2:      layout_basic, chequers_ecumenical_altar_simple, uniq_robin
D:3:      layout_basic, lightli_sewer_entry_pipes, gammafunk_ghost_mausoleum,
          chequers_serial_rivers_room_b
D:4:      layout_basic, chequers_temple_overflow_statue_of_worship,
          serial_shops, kennysheep_little_box, uniq_crazy_yiuf_cottage
D:5:      layout_basic, uniq_grinder
D:6:      layout_loops_ring, minitemple, serial_shops, shop, chequers_garden,
          nicolae_kite_square_tiling_tiny
D:7:      layout_loops_corners, vehumet_crystals, minmay_temple_entry_trees
D:8:      layout_cave_pools, enter_bailey_7, grunt_decor_resistance, uniq_grum,
          uniq_maggie, uniq_erica, uniq_joseph
D:9:      layout_basic, grunt_temple_overflow_diamond, hangedman_fish_farm
D:10:     layout_roguey, fedhas_altar_3, david_lair_shrubbed,
          hangedman_corner_corridor
Temple:   chequers_temple_sunken
Lair:1:   layout_roguey, chequers_serial_rivers_room_b

Skill      XL: |  1  2  3  4  5  6  7  8  9 10 11 |
---------------+----------------------------------+-----
Shields        | 3 4 6 7 |  7.9
Maces & Flails | 2 3 4 5 7 8 9 10 | 10.2
Fighting       | 3 4 5 6 |  6.7
Dodging        | 3 4 6 7 |  7.8
Throwing       | 1 3 4 |  4.2
Evocations     | 1 |  1.1
Stealth        | |  0.1

Action                   |  1- 3 |  4- 6 |  7- 9 | 10-12 || total
-------------------------+-------+-------+-------+-------++-------
Melee: Flail             |   109 |       |       |       ||   109
       Mace              |    17 |   178 |   243 |   447 ||   885
Throw: Stone             |    21 |       |       |       ||    21
       Dart              |     2 |     1 |     8 |     7 ||    18
       Large rock        |       |    10 |    30 |    16 ||    56
       Throwing net      |       |       |       |     2 ||     2
Evoke: Wand              |       |       |    12 |     2 ||    14
  Use: Scroll            |     1 |     7 |     9 |    10 ||    27
       Potion            |       |     1 |     3 |     4 ||     8
 Stab: Sleeping          |       |     1 |       |       ||     1
Armor: Robe              |    38 |    51 |   119 |    17 ||   225
       Steam dragon scal |       |       |       |   128 ||   128
Dodge: Dodged            |    48 |    66 |   153 |   191 ||   458
Block: Kite shield       |    62 |    87 |   177 |   261 ||   587
